 Dungeon Crawl Stone Soup version 0.18-a0-1180-g64ccc1e (webtiles) character file.

175 Silkki the Covered (level 5, -1/47 HPs)
             Began as a Minotaur Fighter on Jan 27, 2016.
             Slain by a gnoll
             ... wielding a +0 halberd
              (5 damage)
             ... on level 3 of the Dungeon.
             The game lasted 00:02:14 (1493 turns).

Silkki the Covered (Minotaur Fighter)               Turns: 1493, Time: 00:02:14

Health: -1/47      AC:  7    Str: 22    XL:     5   Next: 29%
Magic:  4/4        EV:  8    Int:  5    God:
Gold:   100        SH:  9    Dex:  9    Spells: 0 memorised, 4 levels left

rFire  . . .     SeeInvis .     a - +0 war axe
rCold  . . .     Gourm    .     b - +0 scale mail
rNeg   . . .     Faith    .     c - +0 shield
rPois  .         Spirit   .     (helmet restricted)
rElec  .         Dismiss  .     (no cloak)
rCorr  .         Reflect  .     (no gloves)
SustAt .         Harm     .     (no boots)
MR     .....                    (no amulet)
Stlth  ..........               (no ring)
                                (no ring)

@: not resistant to hostile enchantments, extremely unstealthy
A: retaliatory headbutt, horns 2
a: no special abilities


You were on level 3 of the Dungeon.
You were very hungry.

You visited 1 branch of the dungeon, and saw 3 of its levels.

You collected 100 gold pieces.

Inventory:

Hand Weapons
 a - a +0 war axe (weapon)
Armour
 b - a +0 scale mail (worn)
 c - a +0 shield (worn)
Jewellery
 o - an uncursed ring of wizardry {unknown}
 x - an uncursed ring of protection from cold {unknown}
Scrolls
 e - 2 scrolls of blinking {unknown}
 i - 2 scrolls of fear {unknown}
 k - 2 scrolls of noise {unknown}
 p - a scroll of identify {unknown}
 q - a scroll of teleportation {unknown}
 t - a scroll of magic mapping {unknown}
 v - a scroll of recharging {unknown}
 w - 2 scrolls of enchant armour {unknown}
 y - a scroll of enchant weapon {unknown}
Potions
 d - a potion of might
 g - 2 potions of mutation {unknown}
 h - a potion of lignification {unknown}
 l - 3 potions of curing {unknown}
 m - a potion of agility {unknown}
Books
 s - a book of Party Tricks

   Spells                             Type                      Level
   a - Summon Butterflies             Summoning                    1
   b - Apportation                    Translocation                1
   c - Tukima's Dance                 Hexes                        3
   d - Alistair's Intoxication        Transmutation/Poison         5
   e - Invisibility                   Hexes                        6
 u - a book of Callings

   Spells                             Type                      Level
   a - Summon Small Mammal            Summoning                    1
   b - Call Imp                       Summoning                    2
   c - Call Canine Familiar           Summoning                    3
   d - Summon Guardian Golem          Hexes/Summoning              3
   e - Summon Lightning Spire         Summoning/Air                4
   f - Summon Ice Beast               Ice/Summoning                4
Comestibles
 f - 3 bread rations
 j - 6 fruits
 n - 3 meat rations
 r - 2 royal jellies


   Skills:
 + Level 4.4 Fighting
 + Level 3.4 Axes
 + Level 5.3 Armour
 + Level 1.4 Dodging
 + Level 4.5 Shields


You had 4 spell levels left.
You didn't know any spells.

Dungeon Overview and Level Annotations

Branches:
Dungeon (3/15)

Altars:
Elyvilon
The Shining One

Annotations:
D:3 Ijyb


Innate Abilities, Weirdness & Mutations

You reflexively headbutt those who attack you in melee.
You have a pair of horns on your head.


Message History

There are monsters nearby!
You slash the gnoll!
You kill the gnoll!
You hit the gnoll.
The gnoll is moderately wounded.
You block the gnoll's attack.
There are monsters nearby!
You closely miss the gnoll.
The gnoll is moderately wounded.
You closely miss the kobold. The gnoll hits you with a halberd!
* * * LOW HITPOINT WARNING * * *
You block the kobold's attack. The kobold hits you but does no damage.
The gnoll hits you with a halberd!
* * * LOW HITPOINT WARNING * * *
You hit the kobold.
You kill the kobold!
You hit the gnoll but do no damage.
The gnoll is moderately wounded.
The gnoll hits you with a halberd.
You die...

#.###........#
.. #.....#.####
# #.# #.###.#.#
..# #.#.._..#
#...####...#.###
#......#.#>#
+......+.#.#
#......###..
###+##@# ###
#...gg......
#####g###### .#
.. ... ... ≈###


You could see Ijyb and 2 gnolls.

Vanquished Creatures
  Robin (D:2)
  2 gnolls (D:3)
  5 adders
  2 oozes
  4 worms
  A giant gecko (D:1)
  7 orcs (D:3)
  3 ball pythons
  3 giant cockroaches
  15 goblins
  10 hobgoblins
  4 jackals
  5 bats
  A giant newt (D:3)
  4 kobolds
  4 rats
71 creatures vanquished.

Notes
Turn   | Place    | Note
--------------------------------------------------------------
     0 | D:1      | Silkki the Minotaur Fighter began the quest for the Orb.
     0 | D:1      | Reached XP level 1. HP: 19/19 MP: 0/0
   115 | D:1      | Reached skill level 4 in Armour
   116 | D:1      | Reached XP level 2. HP: 25/27 MP: 1/1
   576 | D:2      | Reached XP level 3. HP: 23/33 MP: 2/2
   693 | D:2      | Found a glowing golden altar of the Shining One.
   931 | D:2      | Reached XP level 4. HP: 41/41 MP: 3/3
   980 | D:2      | Noticed Robin
   998 | D:2      | Killed Robin
  1025 | D:2      | Reached skill level 1 in Dodging
  1354 | D:3      | Reached skill level 5 in Armour
  1420 | D:3      | Reached XP level 5. HP: 42/47 MP: 4/4
  1445 | D:3      | Found a white marble altar of Elyvilon.
  1478 | D:3      | Noticed Ijyb
  1493 | D:3      | Slain by a gnoll

Vault maps used:
D:1:      lemuel_arrival_tunnels, minivault_11
D:2:      tso_altar, first_bread, minivault_23, minmay_goblin_outpost,
          uniq_robin
D:3:      lemuel_crystal_altar, grunt_decor_cap, uniq_iyjb

Action                   |  1- 3 |  4- 6 || total
-------------------------+-------+-------++-------
Melee: War axe           |    71 |    93 ||   164
  Eat: Chunk             |       |     1 ||     1
